 Dungeon Crawl Stone Soup version 0.29.1-14-g9c671dbff4 (webtiles) character file.

Game seed: 4423909881115200166

36 Eitelfritz the Sneak (level 3, -2/22 HPs)
             Began as a Kobold Brigand on Feb 17, 2023.
             Constricted to death by Natasha (4 damage)
             ... on level 2 of the Dungeon.
             The game lasted 00:01:44 (1014 turns).

Eitelfritz the Sneak (Kobold Brigand)               Turns: 1014, Time: 00:01:44

Health: -2/22      AC:  3    Str: 10    XL:     3   Next: 57%
Magic:  3/3        EV: 11    Int: 12    God:
Gold:   80         SH:  0    Dex: 16    Spells: 2/2 levels left

rFire   . . .      SeeInvis .   a - +2 dagger
rCold   . . .      Faith    .   (no shield)
rNeg    . . .      Spirit   .   b - +0 robe
rPois   .          Reflect  .   (no helmet)
rElec   .          Harm     .   c - +0 cloak
rCorr   .          Rampage  .   (no gloves)
Will    .....                   (no boots)
Stlth   ++++......              (no amulet)
HPRegen 0.07/turn               (no ring)
MPRegen 0.08/turn               (no ring)

@: grasped by roots, constricted
A: small, no large weapons, nightstalker 3
a: no special abilities


You were on level 2 of the Dungeon.
You visited 1 branch of the dungeon, and saw 2 of its levels.

You collected 80 gold pieces.

Inventory:

Hand Weapons
 a - a +2 dagger (weapon)
Missiles
 d - 6 poisoned darts (quivered)
 e - 3 curare-tipped darts
Armour
 b - a +0 robe (worn)
 c - a +0 cloak (worn)
Scrolls
 g - 2 scrolls of teleportation {unknown}
 h - a scroll of poison {unknown}
 i - a scroll of enchant weapon {unknown}
Potions
 f - 2 potions of magic {unknown}
 j - a potion of might {unknown}


   Skills:
 + Level 2.5 Fighting
 + Level 3.0 Short Blades
 + Level 2.2 Throwing
 + Level 1.6 Dodging
 + Level 6.4 Stealth


You had 2 spell levels left.
You didn't know any spells.
Your spell library contained the following spells:

 Spells                   Type           Power      Damage    Failure   Level
 Ozocubu's Armour         Ice            0%         N/A       69%         3
 Ozocubu's Refrigeration  Ice            0%         4d7       100%        7


Dungeon Overview and Level Annotations

Branches:
Dungeon (2/15)

Altars:

Annotations:
D:2 Natasha


Innate Abilities, Weirdness & Mutations

You are small and have problems with some larger weapons.
You are completely attuned to the shadows.


Message History

You kill Natasha!
Natasha screams in pain as she dies!
Your Short Blades skill increases to level 3!
Your Stealth skill increases to level 6!
You have reached level 3!
Your experience leads to an increase in your attributes!
Increase (S)trength, (I)ntelligence, or (D)exterity?
You feel stronger. x2
g - 2 scrolls labelled WAIPANOSOSO (gained 1) Natasha, Servant of Life and Death comes into view.
She is carrying a wand of roots (11).
Throw: 9 darts (poison)
Press: ? - help, Q - select action, (/) - cycle Shift-Dir - straight line, f - Natasha
Aim: Natasha, carrying a wand of roots (11) (55% to hit)
You throw a poisoned dart. The poisoned dart misses Natasha.
Throw: 8 darts (poison)
Press: ? - help, Q - select action, (/) - cycle Shift-Dir - straight line, f/p - Natasha
Aim: Natasha, carrying a wand of roots (11) (55% to hit)
You throw a poisoned dart. The poisoned dart hits Natasha.
Natasha is poisoned.
Throw: 7 darts (poison)
Press: ? - help, Q - select action, (/) - cycle Shift-Dir - straight line, f/p - Natasha
Aim: Natasha, carrying a wand of roots (11) (poisoned, 55% to hit)
You throw a poisoned dart. The poisoned dart hits Natasha.
Natasha zaps a wand.
The roots erupt in riotous growth!
The grasping roots grab you!
Natasha is unaffected.
The grasping roots constrict you.
You hear a bark!
You hear a shout!
You hear a bark!
You hear a shout! x2
You hear an angry hiss.
You hear a shout! x2
You hit Natasha.
Natasha is moderately wounded.
You hear a bark!
Natasha claws you. The grasping roots constrict you.
You hit Natasha.
Natasha is heavily wounded.
Natasha barely misses you. The grasping roots constrict you.
You hit Natasha.
Natasha is almost dead.
Natasha claws you.
* * * LOW HITPOINT WARNING * * *
The grasping roots constrict you.
You die...

......
.....#
#....#
##...#
##.@h.#
#..#.(.#
##.##.#(#
#.##..##.#
+
#........#
###.##...##
..#.##....#
#...#..#..#
........#
..
..........#
........##


You could see Natasha (poisoned).

Vanquished Creatures
  Natasha (D:2)
  A ball python (D:2)
  2 endoplasms (D:1)
  A hobgoblin (D:2)
  2 jackals (D:1)
  A kobold (D:2)
  4 rats
12 creatures vanquished.

Vanquished Creatures (others)
  4 plants (D:2)
4 creatures vanquished.

Grand Total: 16 creatures vanquished

Notes
Turn   | Place    | Note
-------+----------+-------------------------------------------
     0 | D:1      | Eitelfritz the Kobold Brigand began the quest for the Orb.
     0 | D:1      | Reached XP level 1. HP: 12/12 MP: 1/1
   176 | D:1      | Found a faded altar of an unknown god.
   501 | D:1      | Reached XP level 2. HP: 18/18 MP: 2/2
   993 | D:2      | Noticed Natasha
   997 | D:2      | Killed Natasha
   998 | D:2      | Reached skill level 6 in Stealth
   998 | D:2      | Reached XP level 3. HP: 22/22 MP: 3/3
  1008 | D:2      | Noticed Natasha
  1014 | D:2      | Constricted to death by Natasha

Illustrated notes

Levels and vault maps discovered:
D:1:      giann_wishing_wells, layout_basic,
          hellmonk_ecumenical_altar_leap_of_faith
D:2:      minmay_chambers_of_ones, layout_rooms, serial_bayou,
          serial_bayou_shore_b, serial_bayou_shore_a, serial_bayou_pond_d,
          serial_bayou_shore_b, serial_park_tiny_1,
          ebering_dispersal_statue_hall, minmay_vboxes, uniq_natasha

Skill      XL: |  1  2 |
---------------+-------+-----
Short Blades   | 3 |  3.0
Stealth        | 6 |  6.4
Fighting       | |  2.5
Throwing       | |  2.2
Dodging        | |  1.6

Action                   || total
-------------------------++-------
Melee: Dagger            ||    25
Throw: Dart              ||     3
 Stab: Sleeping          ||     8
Armor: Robe              ||     2
Dodge: Dodged            ||    11
